Map: Central Protocol

Players

lesha

  • Race: Terran Terran

A.I. 1 (Harder) - Winner!

  • Race: Terran Terran

VOD

Have the link to the VOD?

Description

Time

  • Played on: Dec. 3, 2015, 9:31 a.m.
  • Length: 9:40
Show
View Real Time Build Order
Export as new Build Order

lesha Terran 

Build Orders:  

Get SALT Encoding   

  12  0:02  SCV  
  13  0:16  SCV  
  14  0:21  Supply Depot  
  14  0:37  SCV  
  15  0:45  Barracks  
  15  0:50  SCV  
  16  1:02  SCV  
  17  1:14  SCV  
  18  1:27  Command Center  
  18  1:31  Orbital Command  
  18  1:52  Marine  
  19  1:58  SCV  
  20  2:02  Refinery  
  20  2:04  Refinery  
  20  2:10  SCV  
  20  2:24  Marine  
  21  2:32  SCV  
  22  2:43  Barracks  
  22  2:44  SCV  
  23  2:47  Supply Depot, Barracks  
  23  2:50  Orbital Command  
  23  2:56  SCV  
  24  3:02  Barracks Reactor  
  24  3:08  SCV  
  24  3:09  Supply Depot  
  25  3:20  SCV  
  27  3:27  SCV  
  27  3:30  Factory  
  27  3:36  Barracks Reactor, Barracks Tech Lab  
  27  3:40  Marine x2  
  29  3:45  SCV x2  
  31  3:57  SCV x2  
  33  4:08  Engineering Bay, Marine x3  
  33  4:09  SCV x2  
  38  4:10  Engineering Bay  
  38  4:12  Stimpack  
  38  4:18  Factory Reactor  
  38  4:19  Starport  
  38  4:26  Marine  
  38  4:29  Marine x2  
  43  4:31  Marauder  
  43  4:35  Terran Infantry Weapons Level 1  
  43  4:41  Terran Infantry Armor Level 1  
  43  4:46  Refinery  
  43  4:48  SCV x2, Refinery  
  45  4:55  Marine x2, Marauder  
  45  4:56  Marine x2  
  51  5:00  SCV x2  
  53  5:17  Medivac  
  39  5:42  Marine x4  
  39  5:43  Marine  
  39  5:45  Medivac  
  43  5:53  Command Center  
  43  6:01  Orbital Command  
  43  6:06  Bunker  
  41  6:29  Marine  
  41  6:30  Marine x4  
  41  6:31  Medivac x2  
  50  6:44  SCV  
  52  6:47  Marine x2  
  53  7:05  Marine  
  54  7:17  Supply Depot  
  54  7:19  Supply Depot  
  54  7:21  Supply Depot  
  54  7:22  Supply Depot  
  54  7:31  Barracks  
  54  7:32  Barracks  
  54  7:33  Command Center, Barracks  
  54  7:35  Barracks  
  54  7:37  Barracks  
  54  7:38  Marine  
  54  7:39  SCV, Marine x2  
  58  8:19  Orbital Command  
  58  8:25  Marine x3  
  61  8:42  Armory  
  61  8:49  Marine x3  
  61  8:50  Marine x6  
  61  8:51  Marine  
  61  8:52  Starport  
  71  8:57  Orbital Command  
  71  9:07  Marine x3  
Show
View Real Time Build Order
Export as new Build Order

A.I. 1 (Harder) Terran - Winner!

Build Orders: MMM Bio 

Get SALT Encoding   

  12  0:00  SCV  
  13  0:13  SCV  
  14  0:18  Supply Depot  
  14  0:25  SCV  
  15  0:40  SCV  
  16  0:43  Barracks  
  16  0:49  Refinery  
  16  0:52  SCV  
  17  1:04  SCV  
  18  1:16  SCV  
  19  1:22  Supply Depot  
  19  1:29  SCV  
  19  1:30  Marine  
  21  1:42  Barracks, Orbital Command  
  21  1:49  Barracks Tech Lab, Refinery  
  21  2:07  Marine  
  21  2:08  Supply Depot  
  22  2:25  Marauder  
  22  2:28  Marine  
  25  2:41  Supply Depot  
  25  2:46  Marine  
  25  2:47  Marauder  
  28  3:01  SCV  
  28  3:04  Marine  
  30  3:08  Marine  
  31  3:12  Engineering Bay  
  31  3:13  SCV  
  32  3:22  Marine  
  32  3:25  SCV  
  32  3:26  Marauder  
  36  3:29  Supply Depot  
  36  3:37  SCV  
  37  3:47  Marauder  
  39  3:49  SCV  
  40  4:01  SCV  
  41  4:09  Marauder  
  43  4:30  Marauder  
  45  4:40  Barracks Tech Lab  
  45  4:41  Stimpack  
  45  4:43  Factory  
  45  4:44  Ghost Academy  
  45  4:49  Factory  
  45  4:50  Command Center  
  45  5:06  Combat Shields  
  45  5:13  Ghost  
  47  5:18  Marine  
  44  5:28  Terran Infantry Weapons Level 1, Factory Tech Lab  
  44  5:31  Starport  
  44  5:35  Factory Tech Lab, Starport  
  39  5:36  Marine  
  39  5:42  Marine  
  39  5:54  Marine  
  40  5:59  Marine  
  41  6:10  SCV  
  42  6:11  Marine  
  42  6:12  Refinery, Starport Tech Lab x2  
  42  6:17  Marine  
  40  6:18  Refinery  
  40  6:19  SCV  
  40  6:22  SCV  
  40  6:24  Concussive Shells  
  40  6:29  Marine  
  40  6:32  SCV  
  42  6:34  SCV  
  42  6:35  Marine  
  44  6:44  SCV  
  44  6:46  SCV  
  46  6:48  Marauder  
  46  6:53  Marauder  
  50  6:56  SCV  
  50  6:58  SCV  
  52  7:08  SCV, Marine  
  53  7:11  SCV  
  53  7:15  Marauder  
  57  7:19  Supply Depot  
  57  7:20  SCV  
  57  7:22  Terran Infantry Armor Level 1  
  58  7:23  SCV  
  58  7:25  Raven  
  58  7:26  Marine  
  62  7:30  Raven  
  62  7:32  SCV  
  62  7:35  Ghost  
  67  7:39  Missile Turret  
  67  7:40  SCV  
  67  7:42  Supply Depot  
  68  7:44  SCV, Marine  
  70  7:52  SCV, Missile Turret  
  70  7:56  SCV  
  72  8:00  Missile Turret  
  72  8:02  Marauder  
  72  8:04  SCV  
  72  8:05  Missile Turret, Marauder  
  77  8:10  Supply Depot, SCV  
  78  8:16  SCV  
  78  8:18  Bunker  
  79  8:22  SCV  
  79  8:26  Bunker  
  80  8:28  Hellion  
  80  8:29  SCV  
  80  8:34  Siege Tank  
  86  8:48  Command Center  
  86  8:55  Supply Depot  
  86  8:58  Siege Tank  
  89  9:08  Barracks  
  89  9:16  Factory  
  86  9:23  Starport  
  91  9:33  Supply Depot  
Tags
 
Composition
MMM Bio
Matchup
TvT
Race
Terran
Add a new tag
Caveats
  • Supply blocks, unpowered buildings, or Contaminate may cause inaccurate times.
  • Supply counts are checked every 10 seconds.